 Dungeon Crawl Stone Soup version 0.23.2 (webtiles) character file.

Game seed: 14351280679682665573

4762 Borgoz the Fighter (level 10, -3/64 HPs)
             Began as a Gargoyle Gladiator on Apr 10, 2019.
             Was a Believer of Ashenzari.
             Slain by an orc warrior
             ... wielding a +0 spear
              (16 damage)
             ... in a bailey.
             The game lasted 00:22:18 (8032 turns).

Borgoz the Fighter (Gargoyle Gladiator)             Turns: 8032, Time: 00:22:19

Health: -3/64      AC: 25    Str: 18    XL:     10   Next: 47%
Magic:  12/12      EV:  9    Int: 10    God:    Ashenzari [**....]
Gold:   519        SH:  0    Dex: 17    Spells: 9/9 levels left

rFire    . . .     SeeInvis +   v - +11 double sword of Optimality {speed, *Noise rN++}
rCold    . . .     Gourm    .   (no shield)
rNeg     + + +     Faith    .   y - +0 plate armour {MR+}
rPois    ∞         Spirit   .   c - +2 helmet
rElec    +         Reflect  .   h - +0 cloak
rCorr    .         Harm     .   (no gloves)
MR       +....                  (no boots)
Stlth    ..........             (no amulet)
HPRegen  0.20/turn              w - ring of see invisible
MPRegen  0.13/turn              G - +4 ring of dexterity

@: about to teleport
A: negative energy resistance 1, electricity resistance, unbreathing,
petrification resistance, rot immunity, AC +7
a: Curse Item, Scrying, Renounce Religion


You were in a bailey.
You worshipped Ashenzari.
Ashenzari was pleased with you.
You were not hungry.

You visited 2 branches of the dungeon, and saw 10 of its levels.
You also visited: Bailey.

You collected 555 gold pieces.
You spent 36 gold pieces at shops.

Inventory:

Hand Weapons
 a - a +3 dagger of electrocution
 b - a +2 dagger of venom
 o - a +2 rapier
 v - the +11 double sword of Optimality (weapon) {speed, *Noise rN++}
   (You found it on level 5 of the Dungeon)

   Attacks with this weapon are significantly faster.
   It greatly protects you from negative energy.
   It may make noises in combat.
Missiles
 d - 5 throwing nets (quivered)
Armour
 c - a +2 helmet (worn)
 h - a +0 cloak (worn)
 y - a +0 plate armour of magic resistance (worn)
Jewellery
 w - a ring of see invisible (left hand)
 F - an uncursed ring of wizardry
 G - a +4 ring of dexterity (right hand)
Wands
 n - a wand of scattershot (7)
 s - a wand of iceblast (5)
Scrolls
 g - 2 scrolls of teleportation
 i - 2 scrolls of remove curse
 j - 2 scrolls of fear {unknown}
 p - a scroll of random uselessness {unknown}
 u - a scroll of fog {unknown}
 z - a scroll of brand weapon {unknown}
 B - a scroll of amnesia {unknown}
 H - a scroll of torment {unknown}
Potions
 e - 2 potions of brilliance
 k - 10 potions of curing
 l - a potion of agility {unknown}
 m - 4 potions of heal wounds
 q - 2 potions of mutation
 r - 4 potions of flight
 t - 4 potions of lignification
 x - 2 potions of ambrosia {unknown}
 A - 3 potions of might {unknown}
 D - 2 potions of berserk rage {unknown}
 E - 2 potions of degeneration {unknown}
 I - a potion of experience {unknown}
Comestibles
 f - 15 rations


   Skills:
 + Level 8.2 Fighting
 + Level 7.2 Short Blades
 - Level 1.7 Throwing
 + Level 7.8 Armour
 + Level 6.6 Dodging
 + Level 3.2 Evocations


You had 9 spell levels left.
You didn't know any spells.
Your spell library contained the following spells:

 Spells                   Type           Power        Failure   Level  Hunger
 Freeze                   Ice            #...         100%        1    ##.....
 Throw Frost              Conj/Ice       #.....       100%        2    ###....
 Ozocubu's Armour         Chrm/Ice       #.......     100%        3    ####...
 Summon Ice Beast         Ice/Summ       #.......     100%        4    #####..
 Throw Icicle             Conj/Ice       #.......     100%        4    #####..


Dungeon Overview and Level Annotations

Branches:
Dungeon (9/15)             Temple (1/1) D:4
   Lair: D:8-11         Orc: D:9-12

Altars:
Ashenzari
Cheibriados
Dithmenos
Elyvilon
Fedhas
Gozag
Hepliaklqana
Kikubaaqudgha
Makhleb
Nemelex Xobeh
Okawaru
Qazlal
Ru
Sif Muna
Trog
Uskayaw
Vehumet
Wu Jian
Xom
Yredelemnul
Zin
The Shining One
Lugonu

Shops:
D:6 [   D:9 *

Annotations:
D:5 1 transporter, Borgoz's ghost, novice GrGl


Innate Abilities, Weirdness & Mutations

You are resistant to torment.
Your stone body is resilient. (AC +7)
You are immune to poison.
You resist negative energy. (rN+)
You are resistant to electric shocks. (rElec)
You can survive without breathing.
You are immune to petrification.
You are immune to rotting.


Message History

Okay, then.
Okay, then.
As you read the scroll of teleportation, it crumbles to dust.
You feel strangely unstable.
The orc warrior hits you but does no damage. x2
The orc closely misses you.
The orc warrior hits you but does no damage.
The orc knight roars a battlecry!
The orcs go into a battle-frenzy!
The orc warrior closely misses you.
You riposte.
You slice the orc warrior!!
The orc warrior is almost dead.
All of the chunks of flesh in your inventory have rotted away.
You hit the orc warrior.
You kill the orc warrior!
The orc warrior hits you but does no damage.
The orc warrior hits you from afar with a +4 spear!
* * * LOW HITPOINT WARNING * * *
The orc hits you but does no damage. The orc warrior barely misses you.
The orc warrior hits you with a +0 spear!
You die...

* * ####### ######
..###..)..#########.....
,
...o..oo)).#.....#......
,
...'..o@...'.....'.)...)
...'.o.o)))'.....'.....)
...'.......'.....'.....)
...'.......#.....#......
..###.....#########.....
** #* ####### ######


You could see 2 orc knights, 3 orc warriors and an orc.

Vanquished Creatures
  A hungry ghost (D:7)
  13 orc warriors
  2 black bears (D:9)
  2 phantoms
  An ice beast (D:8)
  2 centaurs
  3 ogres
  5 bullfrogs
  A gnoll sergeant (D:6)
  3 scorpions
  5 wights (D:7)
  13 killer bees
  3 howler monkeys
  3 crimson imps
  A centaur zombie (D:7)
  4 hounds
  2 orc wizards (D:8)
  Terence (D:2)
  6 iguanas
  8 worker ants
  A hound zombie (D:8)
  2 worker ant zombies (D:7)
  10 gnolls
  A howler monkey skeleton (D:8)
  10 adders
  3 shadow imps
  An ooze (D:1)
  2 adder skeletons
  5 worms
  3 dart slugs
  6 leopard geckos
  40 orcs
  3 ball pythons
  7 bats
  9 giant cockroaches
  11 goblins
  9 hobgoblins
  4 jackals
  9 kobolds
  4 quokkas
  4 frilled lizards
  A giant cockroach zombie (D:5)
  A jackal skeleton (D:6)
  9 rats
234 creatures vanquished.

Notes
Turn   | Place    | Note
-------+----------+-------------------------------------------
     0 | D:1      | Borgoz the Gargoyle Gladiator began the quest for the Orb.
     0 | D:1      | Reached XP level 1. HP: 12/12 MP: 1/1
    88 | D:1      | Reached XP level 2. HP: 14/18 MP: 2/2
   132 | D:1      | Reached skill level 1 in Armour
   268 | D:1      | Reached XP level 3. HP: 10/22 MP: 3/3
   785 | D:2      | Found a shattered altar of Ashenzari.
   795 | D:2      | Found a shadowy altar of Dithmenos.
   825 | D:2      | Reached XP level 4. HP: 10/27 MP: 4/4
   835 | D:2      | Reached skill level 3 in Fighting
  1100 | D:2      | Noticed Terence
  1117 | D:2      | Killed Terence
  1299 | D:2      | Reached XP level 5. HP: 32/32 MP: 5/5
  1558 | D:2      | Became a worshipper of Ashenzari the Shackled
  1839 | D:3      | Found a hazy altar of Hepliaklqana.
  2470 | D:4      | Found a blossoming altar of Fedhas.
  2552 | D:4      | Reached XP level 6. HP: 38/38 MP: 6/6
  3039 | D:4      | Found a staircase to the Ecumenical Temple.
  3063 | D:4      | Reached skill level 4 in Fighting
  3083 | Temple   | Entered the Ecumenical Temple
  3230 | D:4      | Reached * piety under Ashenzari
  3243 | D:4      | Found an ancient bone altar of Kikubaaqudgha.
  3244 | D:4      | Found an iron altar of Okawaru.
  3308 | D:5      | Entered Level 5 of the Dungeon
  3356 | D:5      | Reached XP level 7. HP: 30/43 MP: 7/7
  3750 | D:5      | Found a glowing silver altar of Zin.
  3760 | D:5      | Got the double sword of Optimality {speed, *Noise rN++}
  4028 | D:5      | Found a transporter.
  4032 | D:5      | Noticed Borgoz's ghost (novice GrGl)
  4114 | D:5      | Found a glowing golden altar of the Shining One.
  4284 | D:5      | Found a sparkling altar of Nemelex Xobeh.
  4620 | D:6      | Reached skill level 5 in Fighting
  4644 | D:6      | Found a snail-covered altar of Cheibriados.
  4690 | D:6      | Found Yrushis's Antique Armour Shoppe.
  4714 | D:6      | Reached XP level 8. HP: 45/49 MP: 8/8
  4792 | D:6      | Reached skill level 5 in Short Blades
  4863 | D:6      | Reached skill level 5 in Armour
  4984 | D:6      | Reached ** piety under Ashenzari
  5203 | D:6      | Found a bloodstained altar of Trog.
  5572 | D:6      | Reached skill level 6 in Fighting
  5572 | D:6      | Reached skill level 5 in Dodging
  5949 | D:7      | Reached XP level 9. HP: 41/56 MP: 9/9
  6176 | D:7      | Reached skill level 7 in Fighting
  6501 | D:8      | Found a white marble altar of Elyvilon.
  6577 | D:8      | Reached skill level 1 in Evocations
  6751 | D:8      | Found an opulent altar of Gozag.
  6775 | D:8      | Identified the +11 double sword of Optimality {speed,
                  | *Noise rN++} (You found it on level 5 of the Dungeon)
  6929 | D:8      | Reached XP level 10. HP: 27/64 MP: 11/11
  7600 | D:9      | Found Kos Ted's General Store.
  7612 | D:9      | Bought a scroll of teleportation for 36 gold pieces
  7626 | D:9      | Found a bloodstained altar of Trog.
  7640 | D:9      | Found a flagged portal.
  7660 | Bailey   | Entered a bailey
  7671 | Bailey   | Reached skill level 8 in Fighting
  8027 | Bailey   | Noticed an orc knight
  8029 | Bailey   | Noticed an orc knight
  8032 | Bailey   | Slain by an orc warrior

Skill      XL: |  1  2  3  4  5  6  7  8  9 10 |
---------------+-------------------------------+-----
Armour         | 1 2 3 4 5 7 |  7.8
Short Blades   | 3 4 5 6 7 |  7.2
Fighting       | 3 4 5 6 7 8 |  8.2
Dodging        | 3 4 5 6 |  6.6
Evocations     | 2 3 |  3.2
Throwing       | |  1.7

Action                   |  1- 3 |  4- 6 |  7- 9 | 10-12 || total
-------------------------+-------+-------+-------+-------++-------
Melee: Rapier            |   134 |    10 |       |       ||   144
       Dagger            |       |   228 |   439 |    16 ||   683
       Double sword      |       |       |    34 |    47 ||    81
Throw: Throwing net      |       |       |     3 |       ||     3
Evoke: Wand              |       |       |       |     3 ||     3
  Use: Scroll            |     1 |       |    11 |     1 ||    13
       Potion            |     2 |       |     1 |     1 ||     4
 Stab: Held in net/web   |       |       |     1 |       ||     1
  Eat: Chunk             |       |     6 |    11 |     4 ||    21
       Ration            |       |     1 |       |       ||     1
Armor: Leather armour    |    45 |       |       |       ||    45
       Ring mail         |    11 |   112 |   148 |       ||   271
       Plate armour      |       |       |       |    85 ||    85
Dodge: Dodged            |   106 |   116 |   284 |    76 ||   582
       Rpst.: Double sword |       |       |     8 |     9 ||    17
